Map: Abiogenesis LE

Players

fruitcake - Winner!

  • Race: Terran Terran
  • Spawn Location: 5:00

A.I. 1 (Very Easy)

  • Race: Zerg Zerg
  • Spawn Location: 11:00

VOD

Have the link to the VOD?

Description

Time

  • Played on: May 5, 2018, 12:07 p.m.
  • Length: 7:10
Show
View Real Time Build Order
Export as new Build Order

fruitcake Terran - Winner!

Build Orders:  

Get SALT Encoding   

  12  0:01  SCV  
  13  0:13  SCV  
  14  0:23  Supply Depot  
  14  0:26  SCV  
  15  0:32  Refinery  
  15  0:44  SCV  
  16  0:50  Barracks  
  16  0:57  SCV  
  17  1:09  SCV  
  18  1:21  SCV  
  19  1:34  Command Center  
  19  1:39  Marine  
  20  1:48  Supply Depot  
  20  1:57  Marine  
  21  2:11  Barracks  
  21  2:16  SCV  
  21  2:21  Barracks Reactor  
  22  2:28  SCV  
  23  2:32  Engineering Bay  
  23  2:40  SCV  
  24  2:46  SCV  
  26  2:58  SCV  
  26  3:02  Orbital Command  
  26  3:10  SCV  
  27  3:16  Refinery  
  27  3:18  Marine x2  
  30  3:22  SCV  
  30  3:23  Barracks Reactor  
  30  3:25  Barracks Tech Lab  
  30  3:29  Terran Infantry Weapons Level 1  
  30  3:34  SCV  
  30  3:35  SCV, Marine  
  30  3:41  Marine  
  33  3:47  SCV x2  
  36  3:53  Marine  
  36  3:55  Marauder  
  39  3:57  Stimpack  
  39  3:59  SCV x2  
  39  4:02  Marine  
  42  4:07  Refinery  
  42  4:11  SCV  
  43  4:21  Marine x2  
  46  4:24  SCV  
  46  4:31  Supply Depot  
  46  4:52  Missile Turret  
  46  4:53  SCV, Marauder  
  46  4:55  Supply Depot  
  49  5:01  Missile Turret  
  49  5:05  SCV  
  49  5:06  Sensor Tower  
  50  5:11  Marine x2  
  52  5:15  Missile Turret, Marauder  
  52  5:17  SCV  
  52  5:21  Supply Depot  
  55  5:23  Supply Depot  
  55  5:29  Marine x2, SCV  
  58  5:36  Marauder  
  60  5:46  Marine  
  60  5:47  Marine  
  60  5:49  Barracks  
  62  5:56  Orbital Command  
  62  5:57  Marauder  
  64  6:04  Marine x2  
  66  6:19  Marauder  
  66  6:22  Marine x2  
  69  6:37  Barracks  
  69  6:39  Marine  
  69  6:40  Marine x2  
  69  6:46  Marine  
Show
View Real Time Build Order
Export as new Build Order

A.I. 1 (Very Easy) Zerg 

Build Orders: Pool Only 

Get SALT Encoding   

  12  0:00  Drone  
  13  0:12  Overlord  
  13  0:17  Drone  
  14  0:36  Spawning Pool  
  14  0:37  Extractor  
  14  0:40  Drone  
  13  0:47  Drone  
  14  0:53  Overlord  
  14  1:23  Zergling x2  
  14  1:24  Queen  
  17  1:34  Roach Warren  
  17  1:36  Extractor  
  17  1:39  Drone  
  16  1:46  Drone  
  17  1:52  Zergling x2  
  18  2:05  Drone  
  19  2:12  Drone  
  20  2:20  Zergling x2  
  20  2:22  Drone  
  22  2:31  Overlord  
  22  2:35  Drone  
  23  2:42  Drone  
  24  2:49  Roach, Drone  
  27  6:27  Zergling x2  
  27  6:30  Overlord  
  26  6:38  Drone  
  22  6:45  Drone  
  22  6:46  Roach Warren  
  15  6:52  Drone  
Tags
 
Add a new tag
Caveats
  • Supply blocks, unpowered buildings, or Contaminate may cause inaccurate times.
  • Supply counts are checked every 10 seconds.